 Dungeon Crawl Stone Soup version 0.27-a0-32-g443bf2d2ca (webtiles) character file.

Game seed: 15121192979278999171

65 Descartes the Covert (level 3, -2/17 HPs)
             Began as a Felid Delver on Jan 4, 2021.
             Slain by a bullfrog (4 damage)
             ... on level 6 of the Dungeon.
             The game lasted 00:02:17 (456 turns).

Descartes the Covert (Felid Delver)                  Turns: 456, Time: 00:02:18

Health: -2/17      AC:  1    Str:  9    XL:     3   Next: 94%
Magic:  4/4        EV: 19    Int: 11    God:
Gold:   60         SH:  0    Dex: 17    Spells: 2/2 levels left
                                        Lives:  0   Deaths: 1

rFire    . . .     SeeInvis +     - Unarmed
rCold    . . .     Faith    .   (shield unavailable)
rNeg     . . .     Spirit   .   (armour unavailable)
rPois    .         Reflect  .   (helmet unavailable)
rElec    .         Harm     .   (cloak unavailable)
rCorr    .         Rampage  .   (gloves unavailable)
Will     .....                  (boots unavailable)
Stlth    ++++......             (no amulet)
HPRegen  0.05/turn              (no ring)
MPRegen  0.09/turn              (no ring)

@: quick
A: very small, no armour, no weapons or thrown items, stealth, claws 1, fangs 3,
see invisible, speed 1, shaggy fur 1, sharp paws
a: no special abilities


You were on level 6 of the Dungeon.
You visited 1 branch of the dungeon, and saw 2 of its levels.

You collected 60 gold pieces.

Inventory:

Wands
 e - a wand of digging (3)
Scrolls
 a - a scroll of fog
 b - a scroll of magic mapping
 c - 2 scrolls of fear
 f - a scroll of enchant weapon {unknown}
 g - 2 scrolls of identify {unknown}
 h - a scroll of teleportation {unknown}


   Skills:
 - Level 3.0 Fighting
 + Level 3.9 Dodging
 * Level 8.0 Stealth
 + Level 2.9 Unarmed Combat


You had 2 spell levels left.
You didn't know any spells.
Your spell library was empty.

Dungeon Overview and Level Annotations

Branches:
Dungeon (5/15)
 Temple: D:4-7

Altars:
Gozag
Qazlal

Annotations:
D:6 Eustachio, Prince Ribbit


Innate Abilities, Weirdness & Mutations

You cannot wear armour.
You are incapable of wielding weapons or throwing items.
Your paws allow you to move quietly. (Stealth)
You have sharp claws.
You have razor-sharp teeth.
You have supernaturally acute eyesight. (SInv)
You cover ground quickly.
You are covered in fur. (AC +1)
Your sharp claws are effective at attacking unaware monsters.


Message History

The bullfrog is heavily wounded.
The bullfrog hits you. x2
You barely miss the bullfrog.
The bullfrog is heavily wounded.
The bullfrog hits you!
* * * LOW HITPOINT WARNING * * *
You are too injured to fight recklessly!
You scratch the bullfrog. Your claw misses the bullfrog.
The bullfrog is heavily wounded.
The bullfrog closely misses you. x2
You closely miss the bullfrog.
The bullfrog is heavily wounded.
The bullfrog misses you.
You scratch the bullfrog.
The bullfrog is severely wounded.
The bullfrog completely misses you. The bullfrog closely misses you.
You scratch the bullfrog.
The bullfrog is severely wounded.
The bullfrog hits you.
You die...

............#######.##.#
.#.!.....#..# ### #.##.#
....#####...#######.##..
.... #...'.._..'.###.##
.... #...###.###.# #..##
.... #...# #.# #.#......
.... .....###+###...###.
.... ###........!..###
.B.# #......F@.###
..........# ##.........#
.......... ###########


You could see a bullfrog.

Vanquished Creatures
  A howler monkey (D:6)
  2 bullfrog zombies (D:6)
  A white imp (D:6)
  A quokka (D:5)
5 creatures vanquished.

Notes
Turn   | Place    | Note
-------+----------+-------------------------------------------
     0 | D:5      | Descartes the Felid Delver began the quest for the Orb.
     0 | D:5      | Reached XP level 1. HP: 10/10 MP: 2/2
    81 | D:5      | You fall into a shaft and drop 1 floor!
   100 | D:6      | Found an opulent altar of Gozag.
   111 | D:6      | Noticed a worker ant
   111 | D:6      | Noticed a centaur
   120 | D:6      | Noticed a worker ant
   156 | D:6      | Noticed a howler monkey
   163 | D:6      | Killed a howler monkey
   164 | D:6      | Reached skill level 7 in Stealth
   164 | D:6      | Reached XP level 2. HP: 5/14 MP: 3/3
   164 | D:6      | Reached XP level 3. HP: 7/17 MP: 4/4
   172 | D:6      | Reached XP level 4. HP: 15/21 MP: 5/5
   295 | D:6      | Noticed Prince Ribbit
   328 | D:6      | HP: 1/21 [Prince Ribbit (1)]
   329 | D:6      | Slain by Prince Ribbit
   330 | D:6      | Reached XP level 3. HP: -1/17 MP: 4/4
   337 | D:6      | Noticed an ogre
   346 | D:6      | Noticed Eustachio
   359 | D:6      | Found a stormy altar of Qazlal.
   379 | D:6      | Reached skill level 8 in Stealth
   445 | D:6      | Noticed a bullfrog
   456 | D:6      | Slain by a bullfrog

Illustrated notes

Levels and vault maps discovered:
D:5:      layout_cave_pools
D:6:      layout_rooms, lemuel_doored_altar, nicolae_overflow_crystal_walls,
          zin_academy, lemuel_coloured_pillars_altar,
          minmay_temple_entry_from_below_a, uniq_prince_ribbit1, uniq_eustachio

Skill      XL: |  1  2  3 |
---------------+----------+-----
Dodging        | 3 |  3.9
Stealth        | 7 8 |  8.0
Fighting       | |  3.0
Unarmed Combat | |  2.9

Action                   |  1- 3 |  4- 6 || total
-------------------------+-------+-------++-------
Melee: Unarmed           |    35 |     1 ||    36
       Bite              |     5 |       ||     5
       Punch             |     1 |       ||     1
  Use: Potion            |     1 |     1 ||     2
 Stab: Sleeping          |     2 |       ||     2
Armor: Skin              |     1 |       ||     1
Dodge: Dodged            |    34 |     2 ||    36

Table legend: (Time is in decaauts)
 A = Elapsed time spent in this place.
 B = Non-inter-level travel time spent in this place.
 C = Inter-level travel time spent in this place.
 D = Time resting spent in this place.
 E = Time spent auto-exploring this place.
 F = Levels seen in this place.
 G = Mean time per level.
                   A        B        C        D        E       F      G
               +--------+--------+--------+--------+--------+-----+--------+
         Total |    390 |    375 |     15 |      0 |    162 |   2 |  195.0 |
       Dungeon |    390 |    375 |     15 |      0 |    162 |   2 |  195.0 |
               +--------+--------+--------+--------+--------+-----+--------+

Top non-repeatable levels by time:
     D:6: 324 daAuts
     D:5: 65 daAuts
